AoeStats
← Mangonutz68

Arena

510528974Analyzed
1v1 RM · 1d ago on Oct 1, 2026· 50m 55s· 2 players
Game mode
Random Map
Map size
Tiny (2 player)
Population
200
Speed
Normal
Resources
Standard
Victory
Conquest
Starting age
Dark Age
Ending age
Imperial Age
RankedLock teamsTeams togetherTeam positionsShared explorationLock speedFull tech treeHidden civsTurbo modeCheats
Victory
Defeat
🇫🇷 Koreans · France
742
+16
🇦🇺 Jurchens · Australia
751
-38
sorgini
10:17 Feudal Age
12:08 Horse Collar
12:27 Double-Bit Axe
14:51 Wheelbarrow
21:17 Castle Age
21:33 Crossbowman
22:18 Thumb Ring
23:03 Fletching
25:50 Heavy Plow
29:53 Husbandry
31:29 Bodkin Arrow
31:53 Bow Saw
36:22 Imperial Age
38:09 Bracer
39:10 Heavy Rocket Cart
39:58 Arbalester
42:07 Ballistics
42:48 Chemistry
44:37 Shinkichon
Mangonutz68
2:32 Loom
14:06 Feudal Age
14:12 Feudal Age
15:00 Man-at-Arms
18:20 Horse Collar
20:53 Double-Bit Axe
27:16 Castle Age
27:31 Bloodlines
27:17 Fletching
27:40 Forging
32:00 Bow Saw
37:09 Gold Mining
38:41 Elite Skirmisher
46:20 Imperial Age
51:01 Two-Man Saw
Connection lost

Rejoining the realm…

Still unreachable

The connection could not be restored.

Session expired

The server has moved on; the page needs a fresh start.